 Dungeon Crawl Stone Soup version 0.23.2-40-g277498a001 (webtiles) character file.

Game seed: 9396673638836767303

62883 KPOPmixtape the Unseen (level 15, -1/144 HPs)
             Began as a Naga Wizard on Sept 2, 2019.
             Was the Champion of Cheibriados.
             Slain by Rupert
             ... wielding a +5 great mace of crushing
              (6 damage)
             ... on level 2 of the Orcish Mines on Sept 3, 2019.
             The game lasted 01:17:34 (35237 turns).

KPOPmixtape the Unseen (Naga Wizard)               Turns: 35237, Time: 01:17:34

Health: -1/144     AC: 20    Str: 24    XL:     15   Next: 7%
Magic:  28/41      EV: 10    Int: 44    God:    Cheibriados [******]
Gold:   2176       SH:  0    Dex: 29    Spells: 20/38 levels left

rFire    . . .     SeeInvis +   b - +8 whip "Snakebite" {curare, rPois}
rCold    . . .     Gourm    .   (no shield)
rNeg     . . .     Faith    .   g - +1 troll leather armour {Snorg}
rPois    +         Spirit   .   Q - +3 hat of Pondering {ponderous, MR+ MP+10 Int+5}
rElec    .         Reflect  .   G - +0 cloak
rCorr    .         Harm     .   P - +2 pair of gloves {Dex+3}
MR       +++..                  (no barding)
Stlth    ++++++++..             (no amulet)
HPRegen  0.74/turn              X - +5 ring of protection
MPRegen  0.27/turn              B - ring of protection from magic

@: very slow
A: large, see invisible, deformed body, poison resistance, slowness 2, slow
metabolism 1, spit poison 1, constrict 1, AC +5
a: Spit Poison, Bend Time, Temporal Distortion, Slouch, Step From Time, Renounce
Religion


You were on level 2 of the Orcish Mines.
You worshipped Cheibriados.
Cheibriados was exalted by your worship.
You were very hungry.

You visited 4 branches of the dungeon, and saw 23 of its levels.
You also visited: Bailey and Ice Cave.

You collected 2293 gold pieces.
You spent 117 gold pieces at shops.

Inventory:

Hand Weapons
 a - the +4 morningstar of Truncation {crush, *Noise rF+++ rC+++}
   (You found it on level 5 of the Lair of Beasts)

   It inflicts extra damage upon your enemies.
   It renders you almost immune to fire.
   It renders you almost immune to cold.
   It may make noises in combat.
 b - the +8 whip "Snakebite" (weapon) {curare, rPois}
   (You found it on level 5 of the Lair of Beasts)

   It poisons the flesh of those it strikes.
   It protects you from poison.
 F - a +2 dagger of venom
 W - a +4 scimitar of flaming
Missiles
 A - 4 throwing nets (quivered)
Armour
 g - a +1 troll leather armour (worn) {Snorg}
 G - a +0 cloak (worn)
 K - a +0 buckler
 P - a +2 pair of gloves of dexterity (worn)
 Q - the +3 hat of Pondering (worn) {ponderous, MR+ MP+10 Int+5}
   (You took it off Gastronok on level 9 of the Dungeon)

   It affects your intelligence (+5).
   It affects your resistance to hostile enchantments.
   It affects your magic capacity (+10).
Magical Staves
 i - an uncursed staff of air
Jewellery
 B - a ring of protection from magic (right hand)
 D - an uncursed ring of protection from fire
 J - an uncursed amulet of faith
 S - an uncursed ring of protection from fire
 X - a +5 ring of protection (left hand)
 Y - the ring "Cyupp" {-Tele MP+9 SInv Stlth-}
   (You found it on level 2 of the Lair of Beasts)

   [ring of attention]

   It affects your magic capacity (+9).
   It lets you see invisible.
   It prevents most forms of teleportation.
   It makes you less stealthy.
Wands
 c - a wand of iceblast (22)
 f - a wand of paralysis (28)
 y - a wand of acid (1)
 E - a wand of flame (41)
 N - a wand of digging (3)
 V - a wand of clouds (6)
 Z - a wand of disintegration (4)
Scrolls
 e - 5 scrolls of noise
 m - 4 scrolls of teleportation
 p - 4 scrolls of amnesia
 q - 3 scrolls of blinking
 w - 5 scrolls of enchant weapon
 x - 8 scrolls of remove curse
 H - 2 scrolls of fog
 M - a scroll of magic mapping
 T - a scroll of brand weapon
Potions
 h - a potion of haste {unknown}
 j - a potion of flight
 k - 2 potions of invisibility
 l - 8 potions of curing
 o - 2 potions of mutation
 r - 4 potions of might
 s - 4 potions of magic
 t - 2 potions of lignification
 u - 2 potions of ambrosia
 v - 5 potions of heal wounds
 C - 5 potions of agility
 L - 3 potions of resistance
 O - a potion of brilliance {unknown}
Miscellaneous
 z - a lamp of fire (inert)
Comestibles
 d - 24 rations


   Skills:
 + Level 11.6 Fighting
 - Level 4.7 Maces & Flails
 - Level 1.5 Dodging
 + Level 18.7 Stealth
 + Level 3.0 Shields
 + Level 12.2 Spellcasting
 - Level 8.0 Conjurations
 - Level 4.0 Charms
 - Level 2.0 Summonings
 - Level 4.0 Necromancy
 - Level 2.0 Translocations
 - Level 1.0 Fire Magic
 - Level 1.0 Air Magic
 - Level 4.0 Poison Magic
 - Level 9.0 Invocations


You had 20 spell levels left.
You knew the following spells:

 Your Spells              Type           Power        Failure   Level  Hunger
a - Magic Dart            Conj           ####         1%          1    None
b - Blink                 Tloc           N/A          1%          2    None
c - Mephitic Cloud        Conj/Pois/Air  ######..     1%          3    None
d - Conjure Flame         Conj/Fire      ######..     1%          3    None
e - Call Imp              Summ           #####...     1%          2    None
f - Iskenderun's Mystic   Conj           #######.     1%          4    None
g - Regeneration          Chrm/Necr      ######....   1%          3    None

Your spell library contained the following spells:

 Spells                   Type           Power        Failure   Level  Hunger
 Corona                   Hex            ####...      1%          1    None
 Freeze                   Ice            ####         1%          1    None
 Infusion                 Chrm           ####         1%          1    None
 Ensorcelled Hibernation  Hex/Ice        ####..       1%          2    None
 Searing Ray              Conj           ######       1%          2    None
 Shroud of Golubria       Chrm/Tloc      ######....   1%          2    None
 Slow                     Hex            ####....     1%          2    None
 Song of Slaying          Chrm           ######..     1%          2    None
 Throw Frost              Conj/Ice       ######       1%          2    None
 Dazzling Spray           Conj/Hex       ######       1%          3    None
 Ozocubu's Armour         Chrm/Ice       #####...     1%          3    None
 Spectral Weapon          Hex/Chrm       #####...     1%          3    None
 Force Lance              Conj/Tloc      ######..     1%          4    None
 Portal Projectile        Hex/Tloc       #####.       2%          3    None
 Fulminant Prism          Conj/Hex       ######....   2%          4    None
 Throw Icicle             Conj/Ice       ######..     2%          4    None
 Confuse                  Hex            ####....     3%          3    None
 Inner Flame              Hex/Fire       ####....     3%          3    None
 Tukima's Dance           Hex            ####....     3%          3    None
 Summon Ice Beast         Ice/Summ       #####...     9%          4    None
 Cause Fear               Hex            ####......   12%         4    None
 Leda's Liquefaction      Hex/Erth       ####......   12%         4    None


Dungeon Overview and Level Annotations

Branches:
Dungeon (14/15)            Temple (1/1) D:7            Lair (6/6) D:8
 Shoals (0/4) Lair:3       Spider (0/4) Lair:2        Slime (0/5) Lair:6
    Orc (2/2) D:12            Elf (0/3) Orc:2
 Vaults: D:13-14

Altars:
Ashenzari
Cheibriados
Dithmenos
Elyvilon
Fedhas
Hepliaklqana
Kikubaaqudgha
Makhleb
Nemelex Xobeh
Okawaru
Qazlal
Sif Muna
Trog
Uskayaw
Vehumet
Wu Jian
Xom
Yredelemnul
Zin
The Shining One
Beogh
Jiyva

Shops:
D:7 *   D:8 %   Orc:1 [   Orc:2 *=[(

Annotations:
D:4 3 runed translucent doors, Htamos's ghost, amateur HOMo
D:5 exclusion: downstairs
D:9 exclusion: downstairs
D:12 3 runed translucent doors, raetorn's ghost, journeyman HOMo
Orc:2 Rupert


Innate Abilities, Weirdness & Mutations

You cannot wear boots.
Your serpentine skin is tough. (AC +5)
You have supernaturally acute eyesight. (SInv)
Armour fits poorly on your strangely shaped body.
Your system is resistant to poisons. (rPois)
You cover ground very slowly.
You have a slow metabolism.
You can spit poison.
You can use your snake-like lower body to constrict enemies.


Message History

The bolt of acid hits Rupert.
Rupert is splashed with acid.
The acid corrodes Rupert!
Rupert is almost dead.
Rupert barely misses you.
Casting: Iskenderun's Mystic Blast (safe; 1% risk of failure)
Confirm with . or Enter, or press ? or * to list all spells.
Aiming: Iskenderun's Mystic Blast (safe; 1% risk of failure)
Press: ? - help, Shift-Dir - straight line The orb of energy hits Rupert.
Rupert is almost dead.
The orb of energy explodes!
Rupert hits you with a +5 great mace of crushing!! x2
* * * LOW HITPOINT WARNING * * *
x2 Unknown command.
Okay, then.
Okay, then.
Magic courses through your body.
Rupert hits you with a +5 great mace of crushing!!
* * * LOW HITPOINT WARNING * * *
You die...

#### #### ##..##*## ##..###
#....##.## ####....#.
###...##...# ##.#.......
##......#@..###..........
##.......@...##...........
##.................#.......
#..........................
##.........................
###.......................
##....................#..
#....#...................
##.......................
##.#.....##.............


You could see Rupert (berserk).

Vanquished Creatures
  Gastronok (D:9)
  An orc warlord (Orc:2)
  Snorg (Lair:3)
  An ettin (Orc:2)
  Erolcha (D:10)
  3 hydras
  Erica (Lair:2)
  3 two-headed ogres
  An orc high priest (Orc:2)
  2 centaur warriors (D:13)
  Sonja (D:13)
  5 orc knights (Orc:2)
  A necromancer (IceCv)
  3 cyclopes
  4 orc sorcerers (Orc:2)
  5 ugly things
  3 elephants (Lair:6)
  Maurice (D:8)
  2 oklob plants
  4 ice statues (IceCv)
  4 black mambas
  10 spiny frogs
  2 torpor snails
  A centaur skeleton (D:13)
  4 kobold demonologists (D:13)
  7 komodo dragons
  8 ice devils (IceCv)
  A rime drake (Lair:4)
  An efreet (D:13)
  A komodo dragon (shapeshifter) (D:14)
  2 trolls
  6 hornets
  A polar bear (shapeshifter) (D:13)
  Grinder (D:6)
  A snapping turtle (Lair:3)
  A raiju (shapeshifter) (D:13)
  Prince Ribbit (D:8)
  2 dream sheep (Lair:2)
  9 blink frogs (Lair:6)
  9 hippogriffs
  2 redbacks (Lair:2)
  Sigmund (D:2)
  2 wyverns
  A wraith (D:11)
  36 yaks
  A vampire (D:12)
  Grum (Lair:1)
  4 basilisks
  2 hungry ghosts
  Menkaure (D:7)
  2 wargs (Orc:2)
  2 acid dragons
  16 water moccasins
  9 porcupines
  33 orc warriors
  3 sky beasts
  6 black bears
  A hornet zombie (D:8)
  An eye of draining (D:12)
  An ice beast (D:6)
  8 wolves
  5 phantoms
  15 centaurs
  9 ogres
  7 crocodiles
  Blork the orc (Orc:2)
  2 big kobolds
  15 bullfrogs
  10 gnoll sergeants
  2 scorpions
  5 killer bees
  7 wights
  5 electric eels
  3 howler monkeys
  2 centaur zombies
  7 crimson imps
  2 draconian simulacra (IceCv)
  A bullfrog zombie (D:5)
  11 jellies
  A bullfrog skeleton (D:4)
  19 orc priests
  6 gnoll shamans (Bailey)
  11 hounds
  21 orc wizards
  5 iguanas
  13 worker ants
  Natasha (twice) (D:2)
  2 spriggan simulacra (IceCv)
  2 troll simulacra (IceCv)
  2 centaur simulacra (IceCv)
  A hound zombie (D:6)
  A hound skeleton (D:11)
  Robin (D:2)
  2 worker ant zombies
  2 howler monkey skeletons
  24 adders
  23 gnolls
  A naga simulacrum (IceCv)
  An ogre simulacrum (IceCv)
  2 shadow imps
  An ooze (D:2)
  An adder skeleton (D:9)
  A worm (D:3)
  A dart slug (D:2)
  10 leopard geckos
  85 orcs
  8 giant cockroaches
  23 goblins
  9 hobgoblins
  12 jackals
  7 quokkas
  9 bats
  4 frilled lizards
  A jackal skeleton (D:7)
  21 kobolds
  2 quokka zombies
  12 rats
707 creatures vanquished.

Vanquished Creatures (collateral kills)
  2 wights (D:7)
  An orc (D:6)
3 creatures vanquished.

Vanquished Creatures (others)
  A yak (D:10)
  A scorpion (D:10)
  3 killer bees (D:10)
  A worker ant (D:10)
  6 fungi (D:8)
  7 plants (D:8)
19 creatures vanquished.

Grand Total: 729 creatures vanquished

Notes
Turn   | Place    | Note
-------+----------+-------------------------------------------
     0 | D:1      | KPOPmixtape the Naga Wizard began the quest for the Orb.
     0 | D:1      | Reached XP level 1. HP: 15/15 MP: 4/4
   280 | D:1      | Reached XP level 2. HP: 22/22 MP: 0/6
   957 | D:1      | Reached XP level 3. HP: 28/28 MP: 5/7
  1440 | D:2      | Found an iron altar of Okawaru.
  1566 | D:2      | Noticed Sigmund
  1588 | D:2      | Learned a level 2 spell: Blink
  1591 | D:2      | Learned a level 2 spell: Call Imp
  1595 | D:2      | Learned a level 3 spell: Mephitic Cloud
  1650 | D:2      | Reached skill level 4 in Stealth
  1652 | D:2      | Reached XP level 4. HP: 36/36 MP: 2/9
  1751 | D:2      | Found a faded altar of an unknown god.
  2603 | D:2      | Noticed Robin
  2617 | D:2      | Killed Robin
  2985 | D:3      | Reached XP level 5. HP: 42/42 MP: 8/10
  3242 | D:3      | Reached skill level 1 in Poison Magic
  3378 | D:3      | Found a deep blue altar of Sif Muna.
  3404 | D:3      | Reached skill level 5 in Stealth
  3609 | D:3      | Reached XP level 6. HP: 49/49 MP: 4/11
  3925 | D:4      | Noticed a phantom
  4748 | D:4      | Found a runed translucent gate.
  4748 | D:4      | Found a runed translucent gate.
  4748 | D:4      | Found a runed translucent gate.
  4848 | D:4      | Reached skill level 6 in Stealth
  5252 | D:5      | Entered Level 5 of the Dungeon
  5470 | D:5      | Reached XP level 7. HP: 55/55 MP: 9/13
  6410 | D:5      | Reached skill level 1 in Air Magic
  7391 | D:2      | Noticed Natasha
  7396 | D:2      | Killed Natasha
  7396 | D:2      | Reached skill level 7 in Stealth
  7484 | D:2      | Noticed Natasha
  7500 | D:2      | Killed Natasha
  7784 | D:2      | Killed Sigmund
  7784 | D:2      | Reached skill level 5 in Spellcasting
  7784 | D:2      | Reached skill level 5 in Conjurations
  7784 | D:2      | Reached XP level 8. HP: 57/62 MP: 3/15
  7931 | D:4      | Noticed Htamos's ghost (amateur HOMo)
  7932 | D:4      | Identified the +3 hand axe of the Exiled Princes {flame,
                  | +Rage Dex+3}
  7933 | D:4      | Found a roughly hewn altar of Beogh.
  8123 | D:4      | Reached skill level 8 in Stealth
  8251 | D:4      | Learned a level 3 spell: Conjure Flame
  8779 | D:6      | Reached skill level 9 in Stealth
  8815 | D:6      | Found a shattered altar of Ashenzari.
  8827 | D:6      | Noticed Grinder
  8877 | D:6      | Found a hide-covered altar of Uskayaw.
  8879 | D:6      | Noticed a +0 hand axe
  8879 | D:6      | Noticed a -3 hand axe
  9035 | D:6      | Reached skill level 1 in Fighting
  9035 | D:6      | Reached skill level 1 in Fire Magic
  9141 | D:6      | Reached XP level 9. HP: 35/70 MP: 9/18
  9899 | D:6      | Killed Grinder
  9899 | D:6      | Reached skill level 10 in Stealth
 10930 | D:7      | Found Wenih's Assorted Antiques.
 10954 | D:7      | Bought 2 dark potions for 45 gold pieces
 10954 | D:7      | Bought a dark potion for 22 gold pieces
 10954 | D:7      | Bought a scroll of identify for 50 gold pieces
 11107 | D:7      | Found a staircase to the Ecumenical Temple.
 11168 | Temple   | Entered the Ecumenical Temple
 11173 | Temple   | Became a worshipper of Cheibriados the Contemplative
 11228 | D:7      | Reached skill level 11 in Stealth
 11752 | D:7      | Found an ancient bone altar of Kikubaaqudgha.
 12008 | D:7      | Noticed Menkaure
 12014 | D:7      | Killed Menkaure
 12150 | D:7      | Reached XP level 10. HP: 87/87 MP: 18/21
 12154 | D:7      | Reached * piety under Cheibriados
 12330 | D:8      | Found a viscous altar of Jiyva.
 12508 | D:8      | Reached skill level 5 in Fighting
 12508 | D:8      | Reached skill level 12 in Stealth
 12539 | D:8      | Found a flagged portal.
 12601 | Bailey   | Entered a bailey
 12761 | Bailey   | Reached ** piety under Cheibriados
 12882 | Bailey   | Reached skill level 1 in Invocations
 13952 | D:8      | Reached *** piety under Cheibriados
 14145 | D:8      | Noticed a two-headed ogre
 14172 | D:8      | Reached skill level 13 in Stealth
 14297 | D:8      | Noticed Prince Ribbit
 14307 | D:8      | Killed Prince Ribbit
 14397 | D:8      | Killed a two-headed ogre
 14546 | D:8      | Reached XP level 11. HP: 99/99 MP: 23/23
 14597 | D:8      | Found a glowing golden altar of the Shining One.
 14698 | D:8      | Found a staircase to the Lair.
 14759 | D:8      | Reached **** piety under Cheibriados
 14812 | D:8      | Noticed Maurice
 14825 | D:8      | Killed Maurice
 14920 | D:8      | Found a basalt altar of Yredelemnul.
 15074 | D:8      | Found Imoppuci's Food Shoppe.
 15744 | D:9      | Reached skill level 5 in Invocations
 16204 | D:9      | Noticed Gastronok
 16229 | D:9      | HP: 1/100 [Gastronok (27)]
 16231 | D:9      | Killed Gastronok
 16231 | D:9      | Reached skill level 14 in Stealth
 16732 | D:10     | Entered Level 10 of the Dungeon
 16732 | D:10     | Found a shimmering altar of Xom.
 16830 | D:10     | Found a roughly hewn altar of Beogh.
 16840 | D:10     | Reached ***** piety under Cheibriados
 17272 | D:10     | Noticed Erolcha
 17283 | D:10     | Killed Erolcha
 17636 | D:10     | Learned a level 4 spell: Iskenderun's Mystic Blast
 17989 | D:10     | Reached ****** piety under Cheibriados
 18407 | D:10     | Reached XP level 12. HP: 92/111 MP: 25/25
 18566 | D:11     | Reached skill level 15 in Stealth
 18722 | D:11     | Identified the +3 long sword of Circularity {freeze, Dex+4}
 19344 | D:11     | Reached skill level 10 in Spellcasting
 20011 | D:11     | Noticed a six-headed hydra
 20020 | D:11     | Killed a six-headed hydra
 20482 | D:12     | Found a runed translucent gate.
 20483 | D:12     | Found a runed translucent gate.
 20483 | D:12     | Found a runed translucent gate.
 20483 | D:12     | Noticed raetorn's ghost (journeyman HOMo)
 20915 | D:12     | Found a staircase to the Orcish Mines.
 20946 | D:12     | Noticed a two-headed ogre
 20954 | D:12     | Killed a two-headed ogre
 21824 | D:13     | Reached skill level 16 in Stealth
 21838 | D:13     | Noticed a centaur warrior
 21845 | D:13     | Noticed Sonja
 21866 | D:13     | Noticed a centaur warrior
 21871 | D:13     | Killed a centaur warrior
 21886 | D:13     | Gained mutation: You can use your snake-like lower body to
                  | constrict enemies. [Naga growth]
 21886 | D:13     | Reached XP level 13. HP: 46/121 MP: 7/27
 21887 | D:13     | Killed Sonja
 24126 | Lair:1   | Entered Level 1 of the Lair of Beasts
 24132 | Lair:1   | Learned a level 3 spell: Regeneration
 24503 | Lair:1   | Noticed Grum
 24511 | Lair:1   | Killed Grum
 24970 | Lair:2   | Reached skill level 10 in Fighting
 24981 | Lair:2   | Reached skill level 1 in Necromancy
 25048 | Lair:2   | Reached skill level 1 in Charms
 25197 | Lair:2   | Noticed Erica
 25204 | Lair:2   | Killed Erica
 25214 | Lair:2   | Got a scintillating glass ring
 25215 | Lair:2   | Identified the ring "Cyupp" {-Tele MP+9 SInv Stlth-} (You
                  | found it on level 2 of the Lair of Beasts)
 25857 | Lair:2   | Found a hole to the Spider Nest.
 26631 | Lair:3   | Reached skill level 17 in Stealth
 27617 | Lair:3   | Noticed Snorg
 27652 | Lair:3   | Killed Snorg
 27803 | Lair:3   | Found a staircase to the Shoals.
 28657 | Lair:4   | Reached XP level 14. HP: 133/133 MP: 29/29
 29580 | Lair:5   | Got a faintly glowing morningstar
 29582 | Lair:5   | Identified the +4 morningstar of Truncation {crush, *Noise
                  | rF+++ rC+++} (You found it on level 5 of the Lair of
                  | Beasts)
 29764 | Lair:5   | You fall through a shaft!
 29764 | Lair:6   | Entered Level 6 of the Lair of Beasts
 30519 | Lair:5   | Found the +8 whip "Snakebite" {curare, rPois}
 30956 | Lair:6   | Reached skill level 1 in Maces & Flails
 31157 | Lair:6   | Found a staircase to the Slime Pits.
 31655 | Lair:6   | Reached skill level 18 in Stealth
 32681 | Orc:1    | Entered Level 1 of the Orcish Mines
 32718 | Orc:1    | Found Asum's Armour Shop.
 32821 | Orc:2    | Entered Level 2 of the Orcish Mines
 33029 | Orc:2    | Noticed Blork the orc
 33037 | Orc:2    | Noticed an orc warlord
 33040 | Orc:2    | Killed Blork the orc
 33045 | Orc:2    | Killed an orc warlord
 33045 | Orc:2    | Reached skill level 1 in Shields
 33120 | Orc:2    | Found a frozen archway.
 33129 | IceCv    | Entered an ice cave
 33976 | IceCv    | Got an ivory dagger
 33977 | IceCv    | Identified the +2 dagger of Hospitality {flame, +Fly rN+
                  | Str-3} (You found it in an ice cave)
 34310 | Orc:2    | Reached XP level 15. HP: 91/142 MP: 31/31
 34547 | Orc:2    | Found a roughly hewn altar of Beogh.
 34759 | Orc:2    | Found Ymuuh's Antique Armour Boutique.
 34932 | Orc:2    | Found a staircase to the Elven Halls.
 35124 | Orc:2    | Found Ocahef Wuwe's Antique Weapon Boutique.
 35139 | Orc:2    | Found Ylualip's Jewellery Boutique.
 35164 | Orc:2    | Found Rirphol's General Store.
 35223 | Orc:2    | Noticed Rupert
 35237 | Orc:2    | HP: 5/144 [Rupert/+5 great mace of crushing (26)]
 35237 | Orc:2    | Slain by Rupert

Skill      XL: |  1  2  3  4  5  6  7  8  9 10 11 12 13 14 15 |
---------------+----------------------------------------------+-----
Conjurations   | 2 3 4 5 7 8 |  8.0
Stealth        | 4 5 6 7 9 11 13 14 16 17 18 | 18.7
Poison Magic   | 1 3 4 |  4.0
Spellcasting   | 4 5 6 7 8 9 10 11 12 | 12.2
Air Magic      | 1 |  1.0
Summonings     | 2 |  2.0
Translocations | 2 |  2.0
Fighting       | 1 4 6 8 9 10 11 | 11.6
Fire Magic     | 1 |  1.0
Invocations    | 4 6 8 9 |  9.0
Necromancy     | 3 4 |  4.0
Charms         | 3 4 |  4.0
Maces & Flails | 4 |  4.7
Shields        | 2 3 |  3.0
Dodging        | |  1.5

Action                   |  1- 3 |  4- 6 |  7- 9 | 10-12 | 13-15 || total
-------------------------+-------+-------+-------+-------+-------++-------
Melee: Unarmed           |     1 |       |       |       |       ||     1
       Dagger            |     6 |    64 |   138 |   310 |   148 ||   666
       Constrict         |       |       |       |       |    77 ||    77
       Whip              |       |       |       |       |   135 ||   135
       Morningstar       |       |       |       |       |    21 ||    21
 Cast: Magic Dart        |    86 |   147 |   293 |   441 |   132 ||  1099
       Blink             |     1 |       |       |       |     2 ||     3
       Mephitic Cloud    |       |     2 |    18 |    71 |    33 ||   124
       Call Imp          |       |     7 |    19 |       |     1 ||    27
       Conjure Flame     |       |       |     4 |     5 |       ||     9
       Iskenderun's Myst |       |       |       |    64 |   279 ||   343
       Regeneration      |       |       |       |       |     3 ||     3
Invok: Slouch            |       |       |       |     2 |     6 ||     8
 Abil: Spit Poison       |     3 |    23 |    18 |    19 |     9 ||    72
Evoke: Wand              |       |       |     7 |    23 |     9 ||    39
       Lamp of fire      |       |       |       |       |     1 ||     1
  Use: Scroll            |       |       |     9 |     9 |    12 ||    30
       Potion            |       |       |     1 |       |     2 ||     3
 Stab: Sleeping          |       |     6 |     8 |    24 |    32 ||    70
       Confused          |       |     2 |     9 |    40 |    36 ||    87
       Distracted        |       |       |     1 |       |     1 ||     2
       Paralysed         |       |       |       |       |     5 ||     5
  Eat: Chunk             |       |    12 |     7 |    14 |    12 ||    45
       Ration            |       |       |     3 |     2 |     4 ||     9
Armor: Robe              |     2 |    25 |    63 |   207 |    47 ||   344
       Troll leather arm |       |       |       |       |   129 ||   129
Dodge: Dodged            |    12 |    83 |   113 |   255 |   232 ||   695
